 Dungeon Crawl Stone Soup version 0.28-a0-957-g42eb19b844 (webtiles) character file.

Game seed: 5257652088414397788

306 Zonian the Poker (level 6, -1/49 HPs)
             Began as a Demonspawn Gladiator on Dec 1, 2021.
             Was an Elder of Ignis.
             Succumbed to a water moccasin's poison
             ... on level 4 of the Dungeon.
             The game lasted 00:06:00 (2749 turns).

Zonian the Poker (Demonspawn Gladiator)             Turns: 2749, Time: 00:06:01

Health: -1/49      AC:  5    Str: 14    XL:     6   Next: 16%
Magic:  6/6        EV: 12    Int: 10    God:    Ignis [****..]
Gold:   109        SH:  4    Dex: 16    Spells: 5/5 levels left

rFire   + + .      SeeInvis .   a - +0 trident
rCold   + . .      Faith    .   j - +0 buckler
rNeg    . . .      Spirit   .   b - +0 leather armour
rPois   .          Reflect  .   (helmet restricted)
rElec   .          Harm     .   (no cloak)
rCorr   .          Rampage  .   (no gloves)
Will    .....                   (no boots)
Stlth   +.........              (no amulet)
HPRegen 0.16/turn               k - ring of protection from cold
MPRegen 0.10/turn               m - ring of protection from fire

@: lethally poisoned (-1 -> -37), attractive
A: antennae 1, rugged brown scales 2, demonic magic 1
a: Renounce Religion, Fiery Armour, Foxfire Swarm, Rising Flame


You were on level 4 of the Dungeon.
You worshipped Ignis.
Ignis was greatly pleased with you.
You visited 1 branch of the dungeon, and saw 4 of its levels.

You collected 109 gold pieces.

Inventory:

Hand Weapons
 a - a +0 trident (weapon)
 p - a +0 hunting sling
Missiles
 d - a throwing net (quivered)
Armour
 b - a +0 leather armour (worn)
 c - a +0 helmet
 j - a +0 buckler (worn)
Jewellery
 k - a ring of protection from cold (left hand)
 m - a ring of protection from fire (right hand)
 n - a ring of protection from cold
Wands
 e - a wand of digging (1)
 o - a wand of acid (9)
Scrolls
 f - 2 scrolls of teleportation {unknown}
 g - 2 scrolls of identify {unknown}
 h - a scroll of amnesia {unknown}
 i - a scroll of blinking {unknown}
 q - a scroll of enchant armour {unknown}
 s - a scroll of magic mapping {unknown}
 t - a scroll of noise {unknown}
Potions
 l - a potion of attraction
 r - a potion of ambrosia {unknown}
 u - a potion of berserk rage {unknown}


   Skills:
 + Level 3.2 Fighting
 + Level 4.1 Polearms
 + Level 2.8 Throwing
 - Level 0.4 Armour
 + Level 3.6 Dodging
 - Level 0.1 Stealth
 + Level 1.8 Shields


You had 5 spell levels left.
You didn't know any spells.
Your spell library contained the following spells:

 Spells                   Type           Power      Damage    Failure   Level
 Beastly Appendage        Tmut           0%         N/A       54%         1
 Wereblood                Tmut           0%         N/A       67%         2
 Spider Form              Tmut/Pois      0%         N/A       88%         3


Dungeon Overview and Level Annotations

Branches:
Dungeon (4/15)
 Temple: D:4-7

Altars:
Fedhas
Hepliaklqana
Ignis


Innate Abilities, Weirdness & Mutations

You have a pair of small antennae on your head.
You are mostly covered in rugged brown scales. (AC +2, +5% HP)
Spells you cast may paralyse adjacent enemies.


Message History

The water moccasin is heavily wounded.
The water moccasin bites you. The water moccasin barely misses you.
You miss the water moccasin.
The water moccasin is heavily wounded.
The water moccasin bites you!
You hit the water moccasin.
The water moccasin is severely wounded.
The water moccasin bites you. x2
You hit the water moccasin.
The water moccasin is severely wounded.
The water moccasin closely misses you.
You closely miss the water moccasin.
The water moccasin is severely wounded.
The water moccasin bites you.
You are poisoned.
The water moccasin poisons you! The water moccasin closely misses you.
Unknown command.
Throw: 3 throwing nets
Press: ? - help, Q - select action, (/) - cycle Shift-Dir - straight line, f - water moccasin
Aim: a water moccasin (severely wounded, 44% to hit)
You throw a throwing net.
The throwing net closely misses the water moccasin.
You feel very sick. The water moccasin bites you.
Throw: 2 throwing nets
Press: ? - help, Q - select action, (/) - cycle Shift-Dir - straight line, f/p - water moccasin
Aim: a water moccasin (severely wounded, 44% to hit)
You throw a throwing net.
The throwing net closely misses the water moccasin.
You feel very sick. The water moccasin bites you.
* * * LOW HITPOINT WARNING * * *
You are lethally poisoned!
The water moccasin poisons you! The water moccasin bites you!
* * * LOW HITPOINT WARNING * * *
You are more poisoned.
The water moccasin poisons you!
It was a potion of attraction.
You feel attractive to monsters.
You die...

#.# #.# #.#
#.# ##.###.#
#...##.#
#.#....#
#...#..#
#####..#
#.<##########
#......@S..(#
#.#########(#
#... #.#. #.
. ## ##


You could see a water moccasin.

Vanquished Creatures
  Sigmund (D:3)
  Natasha (thrice) (D:2)
  3 adders
  2 worms
  An orc (D:2)
  4 bats
  2 endoplasms
  A giant cockroach (D:4)
  7 goblins
  6 hobgoblins
  3 jackals (D:2)
  A quokka (D:3)
  5 ball pythons
  2 frilled lizards
  7 kobolds
  5 rats
53 creatures vanquished.

Vanquished Creatures (others)
  10 foxfires (D:3)
10 creatures vanquished.

Grand Total: 63 creatures vanquished

Notes
Turn   | Place    | Note
-------+----------+-------------------------------------------
     0 | D:1      | Zonian the Demonspawn Gladiator began the quest for the
                  | Orb.
     0 | D:1      | Reached XP level 1. HP: 16/16 MP: 1/1
   269 | D:1      | Reached skill level 3 in Polearms
   286 | D:1      | Gained mutation: You have a pair of small antennae on your
                  | head. [demonic ancestry]
   286 | D:1      | Reached XP level 2. HP: 20/22 MP: 2/2
   408 | D:1      | Found a faded altar of an unknown god.
   412 | D:1      | Prayed at the altar of an unknown god.
   412 | D:1      | Became a worshipper of Ignis, the Dying Flame
   671 | D:2      | Found a blossoming altar of Fedhas.
   705 | D:2      | Noticed Natasha
   712 | D:2      | Killed Natasha
   713 | D:2      | Gained mutation: You are partially covered in rugged brown
                  | scales. (AC +1, +3% HP) [demonic ancestry]
   713 | D:2      | Reached XP level 3. HP: 10/27 MP: 3/3
  1224 | D:2      | Noticed Natasha
  1234 | D:2      | Killed Natasha
  1235 | D:2      | Gained mutation: Spells you cast may paralyse adjacent
                  | enemies. [demonic ancestry]
  1235 | D:2      | Reached XP level 4. HP: 21/35 MP: 4/4
  1846 | D:2      | Noticed Natasha
  1857 | D:2      | Killed Natasha
  1858 | D:2      | Reached skill level 1 in Shields
  2078 | D:3      | Reached XP level 5. HP: 37/40 MP: 5/5
  2128 | D:3      | Found a hazy altar of Hepliaklqana.
  2328 | D:3      | Noticed Sigmund
  2380 | D:3      | Killed Sigmund
  2381 | D:3      | Reached skill level 4 in Polearms
  2381 | D:3      | Gained mutation: You are mostly covered in rugged brown
                  | scales. (AC +2, +5% HP) [demonic ancestry]
  2381 | D:3      | Reached XP level 6. HP: 19/49 MP: 6/6
  2734 | D:4      | Noticed a water moccasin
  2749 | D:4      | Succumbed to a water moccasin's poison

Illustrated notes

Levels and vault maps discovered:
D:1:      saegor_arrival_fortress, layout_rooms,
          hellmonk_ecumenical_altar_heavens_door, serial_park_tiny_pond
D:2:      layout_basic, basic_altar, uniq_natasha
D:3:      layout_rooms, mainiacjoe_overflow_surrounded_room, uniq_sigmund
D:4:      layout_loops_ring, xom_teletrap_fun

Skill      XL: |  1  2  3  4  5 |
---------------+----------------+-----
Polearms       | 3 4 |  4.1
Dodging        | 3 |  3.6
Throwing       | 2 |  2.8
Shields        | 1 |  1.8
Fighting       | 3 |  3.2
Armour         | |  0.4
Stealth        | |  0.1

Action                   |  1- 3 |  4- 6 || total
-------------------------+-------+-------++-------
Melee: Trident           |    97 |   108 ||   205
Throw: Throwing net      |       |     2 ||     2
Invok: Fiery Armour      |     1 |     1 ||     2
       Foxfire Swarm     |       |     1 ||     1
  Use: Potion            |       |     4 ||     4
 Stab: Sleeping          |     1 |     2 ||     3
Armor: Leather armour    |    24 |    27 ||    51
Dodge: Dodged            |    43 |    48 ||    91
Block: Buckler           |     3 |    13 ||    16

Table legend: (Time is in decaauts)
 A = Elapsed time spent in this place.
 B = Non-inter-level travel time spent in this place.
 C = Inter-level travel time spent in this place.
 D = Time resting spent in this place.
 E = Time spent auto-exploring this place.
 F = Levels seen in this place.
 G = Mean time per level.
                   A        B        C        D        E       F      G
               +--------+--------+--------+--------+--------+-----+--------+
         Total |   2783 |   2736 |     47 |    149 |   2023 |   4 |  695.8 |
       Dungeon |   2783 |   2736 |     47 |    149 |   2023 |   4 |  695.8 |
               +--------+--------+--------+--------+--------+-----+--------+

Top non-repeatable levels by time:
     D:2: 1342 daAuts
     D:1: 677 daAuts
     D:3: 673 daAuts
     D:4: 91 daAuts
